 Dungeon Crawl Stone Soup version 0.14-a0-736-g2a71271 (webtiles) character file.

101 JacquesDerrida the Chiller (level 3, 24/24 HPs)
             Began as a Demonspawn Ice Elementalist on Nov 7, 2013.
             Quit the game on Level 2 of the Dungeon.
             The game lasted 00:03:19 (1218 turns).

JacquesDerrida the Chiller (DsIE)                   Turns: 1218, Time: 00:03:19

HP  24/24        AC  4     Str  9      XL: 3   Next: 10%
MP   1/5         EV 10     Int 16      God:
Gold 69          SH  0     Dex 13      Spells:  1 memorised,  3 levels left

Res.Fire  : . . .   See Invis. : .   h - +0 dwarf dagger
Res.Cold  : + . .   Warding    : .   v - +1 leather armour {rC+}
Life Prot.: . . .   Conserve   : .   (no shield)
Res.Poison: .       Res.Corr.  : .   (helmet restricted)
Res.Elec. : .       Clarity    : .   (no cloak)
Sust.Abil.: . .     Spirit.Shd : .   (no gloves)
Res.Mut.  : .       Stasis     : .   (no boots)
Res.Rott. : .       Flight     : .   (no amulet)
Saprovore : . . .                    (no ring)
                                     (no ring)

@: not resistant to hostile enchantments, unstealthy
A: antennae 1, demonic guardian 1
a: no special abilities


You were on level 2 of the Dungeon.
You were hungry.

You visited 1 branch of the dungeon, and saw 2 of its levels.

You collected 69 gold pieces.

Inventory:

Hand weapons
 h - a +0,+0 dwarven dagger (weapon)
Armour
 a - a +0 robe
 l - a +0 elven leather armour
 v - a +1 leather armour of cold resistance (worn)
Comestibles
 c - 2 bread rations
 p - a cheese
 s - a lemon
 t - a chunk of goblin flesh
Scrolls
 f - a scroll of amnesia {unknown}
 i - a scroll of remove curse {unknown}
 j - a scroll of fog {unknown}
 m - 2 scrolls of enchant weapon II {unknown}
 o - a scroll of curse jewellery {unknown}
 q - a scroll of curse armour {unknown}
 r - a scroll of identify {unknown}
 u - a scroll of recharging {unknown}
Potions
 d - a potion of restore abilities {unknown}
 e - a potion of heal wounds {unknown}
 g - 3 potions of curing {unknown}
 k - a potion of decay {unknown}
 n - a potion of speed {unknown}
Books
 b - a book of Frost

   Spells                             Type                      Level
   *Freeze                            Ice                          1
   Throw Frost                        Conjuration/Ice              2
   Ozocubu's Armour                   Charms/Ice                   3
   Throw Icicle                       Conjuration/Ice              4
   Summon Ice Beast                   Ice/Summoning                4
   Condensation Shield                Ice                          4


   Skills:
 - Level 1.7 Dodging
 - Level 1.7 Stealth
 - Level 1.0 Spellcasting
   Level 1.0 Conjurations
 + Level 3.9 Ice Magic


You had 3 spell levels left.
You knew the following spells:

 Your Spells              Type           Power        Failure   Level  Hunger
a - Freeze                Ice            ##..         6%          1    ##.....


Dungeon Overview and Level Annotations

Branches:
Dungeon (2/27)

Altars:
Okawaru
Xom


Innate Abilities, Weirdness & Mutations

You have a pair of small antennae on your head.
A weak demonic guardian rushes to your aid.


Message History

Aim: a giant mite (heavily wounded, clinging)
You freeze the giant mite.
You kill the giant mite!
You have reached level 3!
Your experience leads to an increase in your attributes!
Increase (S)trength, (I)ntelligence, or (D)exterity?
You feel stronger.
Your demonic ancestry asserts itself...
You feel the presence of a demonic guardian.
The kobold hits you but does no damage.
Casting: Freeze
Confirm with . or Enter, or press ? or * to list all spells.
Aiming: Freeze
Press: ? - help, Shift-Dir - straight line, f - kobold
Aim: a kobold, wielding a short sword You freeze the kobold.
You kill the kobold!
Casting: Freeze
Confirm with . or Enter, or press ? or * to list all spells.
You can't see any susceptible monsters within range! (Use Z to cast anyway.) Are you sure you want to abandon this character and quit the game? (Confirm with "yes".)

#### #...#
#...##.#
#...##.#
#...##.#
###...##.#
.........
#.#####...##.#
#....%@...##.#
##...)###.##.#
#....
#.##.######
#....
#.........#
#....
####.####.#
#.... #.# #.#
##### #.# #.#
#.# #.#
#####.####.#


There were no monsters in sight!

Vanquished Creatures
  A giant mite (D:2)
  A giant gecko (D:1)
  3 goblins
  5 hobgoblins
  2 bats (D:1)
  2 giant cockroaches (D:1)
  9 kobolds
  A rat (D:1)
24 creatures vanquished.

Notes
Turn   | Place    | Note
--------------------------------------------------------------
     0 | D:1      | JacquesDerrida, the Demonspawn Ice Elementalist, began the quest for the Orb.
     0 | D:1      | Reached XP level 1. HP: 13/13 MP: 3/3
    78 | D:1      | Reached skill level 3 in Ice Magic
   214 | D:1      | Gained mutation: You have a pair of small antennae on your head. [demonic ancestry]
   214 | D:1      | Reached XP level 2. HP: 8/19 MP: 0/4
   914 | D:2      | Found an iron altar of Okawaru.
   927 | D:2      | Found a shimmering altar of Xom.
  1216 | D:2      | Gained mutation: A weak demonic guardian rushes to your aid. [demonic ancestry]
  1216 | D:2      | Reached XP level 3. HP: 24/24 MP: 2/5
  1218 | D:2      | Quit the game

Action                   || total
-------------------------++-------
Melee: Unarmed           ||     5
       Dagger            ||     8
 Cast: Freeze            ||    36
